 Dungeon Crawl Stone Soup version 0.31-a0-236-g9a0961fb85 (webtiles) character file.

Game seed: 2828743010015151865

116 qw the Shooter (level 4, 0/37 HPs)
             Began as a Minotaur Hexslinger on July 10, 2023.
             Slain by a gnoll
             ... wielding a +0 spear
              (6 damage)
             ... on level 3 of the Dungeon.
             The game lasted 00:00:51 (1917 turns).

qw the Shooter (Minotaur Hexslinger)                Turns: 1917, Time: 00:00:52

Health: 0/37       AC:  4    Str: 12    XL:     4   Next: 69%
Magic:  4/4        EV: 12    Int: 10    God:
Gold:   35         SH:  0    Dex: 15    Spells: 4/5 levels left

rFire   . . .        Y - +1 sling
rCold   . . .        (no shield)
rNeg    . . .        h - +0 leather armour
rPois   .            (helmet restricted)
rElec   .            (no cloak)
rCorr   .            e - +0 pair of gloves
SInv    .            (no boots)
Will    .....        i - amulet of faith
Stlth   +            (no ring)
HPRegen 0.26/turn    (no ring)
MPRegen 0.09/turn

%: faith
@: no status effects
A: horns 2, retaliatory headbutt
a: no special abilities


You were on level 3 of the Dungeon.
You visited 1 branch of the dungeon, and saw 3 of its levels.

You collected 35 gold pieces.


Innate Abilities, Weirdness & Mutations

You have a pair of horns on your head.
You reflexively headbutt those who attack you in melee.


   Skills:
 + Level 2.6 Fighting
 - Level 5.0 Ranged Weapons
 - Level 2.1 Dodging
 - Level 1.0 Spellcasting
 - Level 2.0 Hexes


You had 4 spell levels left.
You knew the following spells:

 Your Spells              Type           Power      Damage    Failure   Level
a - Slow                  Hex            16%        N/A       19%         1

Your spell library contained the following spells:

 Spells                   Type           Power      Damage    Failure   Level
 Inner Flame              Hex/Fire       2%         N/A       65%         3
 Portal Projectile        Hex/Tloc       4%         N/A       65%         3
 Cause Fear               Hex            2%         N/A       88%         4

Inventory:

Hand Weapons
 Y - a +1 sling (weapon)
Armour
 e - a +0 pair of gloves (worn)
 h - a +0 leather armour (worn)
Jewellery
 d - an amulet of regeneration
 i - an amulet of faith (around neck)
Scrolls
 a - 5 scrolls of identify
 b - a scroll of teleportation
 c - a scroll of blinking {unknown}
Potions
 g - 3 potions of haste
 k - a potion of enlightenment

Dungeon Overview and Level Annotations

Branches:
Dungeon (3/15)

Altars:

Annotations:
D:3 Sigmund


Message History

Enter note:
Enter note: You shoot a sling bullet.
Sigmund shouts!
The sling bullet hits Sigmund.
Sigmund is lightly wounded.
Sigmund closely misses you.
A giant cockroach comes into view.
You shoot a sling bullet. The sling bullet barely misses Sigmund.
The gnoll shouts!
The gnoll throws a stone.
The stone closely misses you.
Sigmund hits you from afar with a +0 scythe.
A rat comes into view.
You shoot a sling bullet. The sling bullet hits Sigmund.
Sigmund is moderately wounded.
Sigmund barely misses you.
You shoot a sling bullet. The sling bullet barely misses Sigmund.
You shoot a sling bullet. The sling bullet hits Sigmund.
Sigmund is moderately wounded.
Sigmund hits you from afar with a +0 scythe!
The gnoll throws a stone.
The stone misses you.
You shoot a sling bullet. The sling bullet barely misses Sigmund.
The gnoll hits you from afar with a +0 spear.
Sigmund barely misses you. The gnoll misses you.
You shoot a sling bullet. The sling bullet hits Sigmund.
Sigmund is moderately wounded.
The gnoll closely misses you. The gnoll barely misses you.
Sigmund points at you and mumbles some strange words.
You resist with some effort.
You shoot a sling bullet. The sling bullet hits Sigmund.
Sigmund is moderately wounded.
The gnoll hits you from afar with a +0 spear.
The gnoll throws a throwing net.
The throwing net closely misses you. Sigmund closely misses you.
The gnoll completely misses you.
The gnoll hits you from afar with a +0 spear!
You shoot a sling bullet. The sling bullet barely misses Sigmund.
The gnoll hits you but does no damage.
Sigmund hits you from afar with a +0 scythe.
The gnoll hits you from afar with a +0 spear.
You die...

.###### ## ....... #.
#####. #. #. #. ##. #.
#.. #. #..
..##.#.###############..
..).rg.@................
....gg.##########..###%)
.###.#@ #### #.# # #.
#.# #. #[# #. #.. ## ##.
.


You could see Sigmund, 3 gnolls and a rat.

Vanquished Creatures
  5 adders
  A dart slug (D:2)
  An orc (D:3)
  8 ball pythons
  6 bats
  6 endoplasms
  2 giant cockroaches
  3 hobgoblins
  7 jackals
  5 kobolds
  2 quokkas
  4 frilled lizards
  10 goblins
  A rat (D:1)
61 creatures vanquished.

Notes
Turn   | Place    | Note
-------+----------+-------------------------------------------
     0 | D:1      | qw the Minotaur Hexslinger began the quest for the Orb.
     0 | D:1      | Reached XP level 1. HP: 16/16 MP: 1/1
     0 | D:1      | 0 ||| qw: Version: 0.3-a-52-g30416fa
     0 | D:1      | 0 ||| qw: Game counter: 4787
     0 | D:1      | 0 ||| qw: Melee chars always use a shield: true
     0 | D:1      | 0 ||| qw: God list: Okawaru
     0 | D:1      | 0 ||| qw: Allow faded altars: false
     0 | D:1      | 0 ||| qw: Do Orc after clearing Dungeon:15 true
     0 | D:1      | 0 ||| qw: Do second Lair branch before Depths: true
     0 | D:1      | 0 ||| qw: Lair rune preference: random
     0 | D:1      | 0 ||| qw: Goals: Normal
     0 | D:1      | 0 ||| PLANNING D:1-11
    64 | D:1      | Found a faded altar of an unknown god.
   162 | D:1      | Reached skill level 3 in Ranged Weapons
   174 | D:1      | Reached XP level 2. HP: 23/23 MP: 2/2
   347 | D:1      | Reached XP level 3. HP: 29/29 MP: 3/3
   563 | D:1      | 563 ||| UPGRADING to +0 pair of gloves.
   568 | D:1      | 568 ||| UPGRADING to +0 leather armour.
   578 | D:1      | 578 ||| DROPPING +0 robe.
   579 | D:1      | 579 ||| READING 4 scrolls labelled NIDAXK NUXERE.
   580 | D:1      | 580 ||| DRINKING 2 fizzy pink potions.
   581 | D:1      | 581 ||| READING 3 scrolls of identify.
   581 | D:1      | 581 ||| IDENTIFYING blue potion
   582 | D:1      | 582 ||| DROPPING scroll of poison.
   583 | D:1      | 583 ||| DROPPING potion of attraction.
   711 | D:2      | Reached skill level 4 in Ranged Weapons
  1006 | D:2      | Reached XP level 4. HP: 36/36 MP: 4/4
  1429 | D:2      | 1429 ||| UPGRADING to amulet of regeneration.
  1434 | D:2      | 1434 ||| UPGRADING to amulet of faith.
  1444 | D:2      | 1444 ||| READING scroll labelled CAHEKH FIBROEHU.
  1445 | D:2      | 1445 ||| READING scroll labelled AXZODGHOTEA.
  1449 | D:2      | 1449 ||| READING scroll labelled FECHEUSEZU.
  1450 | D:2      | 1450 ||| DRINKING 2 inky potions.
  1451 | D:2      | 1451 ||| READING 4 scrolls of identify.
  1451 | D:2      | 1451 ||| IDENTIFYING fuming purple potion
  1452 | D:2      | 1452 ||| DROPPING potion of invisibility.
  1642 | D:3      | Reached skill level 5 in Ranged Weapons
  1908 | D:3      | Noticed Sigmund
  1917 | D:3      | HP: 6/37 [Sigmund/+0 scythe (6)]
  1917 | D:3      | Slain by a gnoll

Levels and vault maps discovered:
D:1:      mushboom_english_gardens, layout_loops_cross,
          hellmonk_ecumenical_altar_heavens_door, minmay_misc_feat_secret_circle
D:2:      layout_basic, kennysheep_generic_room_10
D:3:      layout_loops_ring, uniq_sigmund

Skill      XL: |  1  2  3  4 |
---------------+-------------+-----
Ranged Weapons | 3 4 5 |  5.0
Fighting       | 2 |  2.6
Dodging        | |  2.1
Spellcasting   | |  1.0
Hexes          | |  2.0

Action                     |  1- 3 |  4- 6 || total
---------------------------+-------+-------++-------
   Fire: Sling             |   111 |    62 ||   173
    Use: Scroll            |     2 |     4 ||     6
         Potion            |     1 |     1 ||     2
 Armour: Robe              |     5 |       ||     5
         Leather armour    |    17 |    10 ||    27
  Dodge: Dodged            |    45 |    24 ||    69

Table legend:
 A = Non-vault XP
 B = Vault XP
 C = Vault XP percentage of total XP
 D = Non-vault monster count
 E = Vault monster count
 F = Vault count percentage of total count
                 A         B        C        D         E       F
            +---------+---------+-------+---------+---------+-------
      Total |     153 |      13 |   7.8 |      60 |       1 |   1.6
            +---------+---------+-------+---------+---------+-------
        D:1 |      41 |       0 |   0.0 |      25 |       0 |   0.0
        D:2 |      75 |      13 |  14.8 |      22 |       1 |   4.3
        D:3 |      37 |       0 |   0.0 |      13 |       0 |   0.0
            +---------+---------+-------+---------+---------+-------
